 Dungeon Crawl Stone Soup version 0.28-a0-883-gc8d7bad45d (webtiles) character file.

Game seed: 6917351717025512610

3019 ragingrage the Fighter (level 9, -2/73 (78) HPs)
             Began as a Merfolk Artificer on Nov 22, 2021.
             Was a Priest of Okawaru.
             Slain by a wight (6 damage)
             ... on level 9 of the Dungeon.
             The game lasted 00:16:42 (12802 turns).

ragingrage the Fighter (Merfolk Artificer)         Turns: 12802, Time: 00:16:42

HP:   -2/73 (78)    AC:  5    Str: 15    XL:     9   Next: 85%
MP:   9/9           EV: 13    Int: 17    God:    Okawaru [***...]
Gold: 468           SH:  5    Dex: 16    Spells: 8/8 levels left

rFire   + + .      SeeInvis .   h - +3 dagger (drain)
rCold   . . .      Faith    .   p - +1 buckler of Fortitude {*Corrode rF++ Dex+2}
rNeg    . . .      Spirit   .   b - +0 leather armour
rPois   .          Reflect  .   s - +1 helmet
rElec   .          Harm     .   (no cloak)
rCorr   +          Rampage  .   (no gloves)
Will    .....                   (no boots)
Stlth   ++........              (no amulet)
HPRegen 0.22/turn               a - +6 ring of intelligence
MPRegen 0.11/turn               v - ring of resist corrosion

@: studying Staves, drained
A: (nimble swimmer 2), mertail
a: Renounce Religion, Heroism


You were on level 9 of the Dungeon.
You worshipped Okawaru.
Okawaru was most pleased with you.
You visited 2 branches of the dungeon, and saw 10 of its levels.

You collected 468 gold pieces.

Inventory:

Hand Weapons
 h - a +3 dagger of draining (weapon)
 N - a +2 halberd of distortion
Missiles
 y - 22 poisoned darts (quivered)
Armour
 b - a +0 leather armour (worn)
 p - the +1 buckler of Fortitude (worn) {*Corrode rF++ Dex+2}
   (You acquired it on level 8 of the Dungeon)

   Dex:       It affects your dexterity (+2).
   rF:        It greatly protects you from fire.
   *Corrode:  It may corrode you when you take damage.
 s - a +1 helmet (worn)
 B - the +1 scale mail "Isuari" {Harm rElec rN+ Str+3}
   (You found it on level 4 of the Dungeon)

   Str:       It affects your strength (+3).
   rElec:     It insulates you from electricity.
   rN:        It protects you from negative energy.
   Harm:      It increases damage dealt and taken.
Jewellery
 a - a +6 ring of intelligence (left hand)
 q - a ring of magical power
 t - a ring of magical power
 v - a ring of resist corrosion (right hand)
 C - a +6 ring of intelligence
 H - a ring of fire
 I - a ring of fire
Wands
 c - a wand of flame (16)
 d - a wand of charming (14)
 D - a wand of iceblast (9)
 E - a wand of polymorph (5)
 F - a wand of digging (1)
Scrolls
 f - 3 scrolls of teleportation
 j - a scroll of torment {unknown}
 m - 2 scrolls of enchant weapon
 n - 3 scrolls of noise
 o - 3 scrolls of fog
 r - 4 scrolls of identify
 x - 2 scrolls of fear {unknown}
 J - a scroll of blinking {unknown}
 K - a scroll of magic mapping {unknown}
 O - a scroll of summoning {unknown}
Potions
 g - 4 potions of attraction
 i - a potion of curing {unknown}
 k - 2 potions of invisibility {unknown}
 l - 2 potions of cancellation {unknown}
 u - a potion of lignification {unknown}
 w - a potion of flight {unknown}
 z - 3 potions of mutation {unknown}
 A - 2 potions of brilliance {unknown}
 G - a potion of berserk rage {unknown}
 L - a potion of haste {unknown}
 M - a potion of magic {unknown}
Miscellaneous
 e - a piece from Xom's chessboard (10/15)


   Skills:
 - Level 10.0 Fighting
 * Level 0.0 Polearms
 - Level 0.6 Armour
 + Level 4.3 Dodging
 - Level 1.1 Stealth
 + Level 2.2 Shields
 - Level 9.6 Evocations


You had 8 spell levels left.
You didn't know any spells.
Your spell library contained the following spells:

 Spells                   Type           Power      Damage    Failure   Level
 Apportation              Tloc           0%         N/A       36%         1
 Magic Dart               Conj           0%         1d3       36%         1
 Blink                    Tloc           0%         N/A       50%         2
 Searing Ray              Conj           0%         2d4       50%         2
 Sublimation of Blood     Necr           0%         N/A       50%         2
 Wereblood                Tmut           0%         N/A       50%         2
 Gell's Gravitas          Tloc           0%         N/A       73%         3
 Mephitic Cloud           Conj/Pois/Air  0%         N/A       73%         3
 Teleport Other           Tloc           0%         N/A       73%         3
 Fulminant Prism          Conj/Hex       0%         3d6       98%         4
 Manifold Assault         Tloc           0%         N/A       100%        5
 Dispersal                Tloc           0%         N/A       100%        6
 Storm Form               Tmut/Air       0%         N/A       100%        7
 Animate Skeleton         Necr           Unusable   N/A       N/A         1
 Summon Small Mammal      Summ           Unusable   N/A       N/A         1
 Call Imp                 Summ           Unusable   N/A       N/A         2
 Summon Hydra             Summ           Unusable   N/A       N/A         7

Dungeon Overview and Level Annotations

Branches:
Dungeon (9/15)             Temple (1/1) D:5
   Lair: D:8-11         Orc: D:9-12

Altars:
Ashenzari
Cheibriados
Dithmenos
Elyvilon
Fedhas
Gozag
Hepliaklqana
Kikubaaqudgha
Nemelex Xobeh
Okawaru
Qazlal
Ru
Sif Muna
Trog
Uskayaw
Vehumet
Wu Jian
Yredelemnul
Zin
The Shining One


Innate Abilities, Weirdness & Mutations

((You are quick and stealthy near water. (Stealth+, EV+, Speed+++)))
Your lower body shifts to a powerful aquatic tail in water.


Message History

The two-headed ogre hits you with a +0 giant spiked club!!
* * * LOW HITPOINT WARNING * * *
The yak snorts and paws the ground.
The two-headed ogre seems less drained.
There is an escape hatch in the floor here.
The two-headed ogre closely misses you. You block the two-headed ogre's attack.
You slide downwards.
The hatch slams shut behind you.
Found 11 stones and a short sword.
You see here a fizzy grey potion.
Unknown command.
Found a book of Frost.
Aiming: Polymorph
Press: ? - help, Shift-Dir - straight line, f - two-headed ogre
Aim: a two-headed ogre, wielding a +0 great mace and a +0 giant spiked club (moderately wounded, will become a torpor snail, a komodo dragon, or a sea snake, chance to affect: 54%)
Okay, then.
Found a book of Sloth.
Found a plate armour.
Found a stone staircase leading down.
Found 13 stones.
Found a stone staircase leading up.
Found a small diamond ring.
Found a blue potion.
There is a stone staircase leading down here.
Found a stone staircase leading up.
A wight comes into view. It is wielding a +0 scimitar.
The wight moves out of view. 2 wights come into view.
You block the wight's attack. The wight barely misses you.
The wight hits you with a +0 scimitar.
* * * LOW HITPOINT WARNING * * *
You feel drained. The wight misses you. The wight barely misses you.
The wight barely misses you.
Found 7 gold pieces.
You block the wight's attack.
There is a stone staircase leading up here.
The wight hits you with a +0 morningstar!
* * * LOW HITPOINT WARNING * * *
You feel drained.
You die...

.........# .........#######
...............
...............
####..........
##############..........
.........!.z............
....=...z.......########
.......@z.O.....# #
................# #
................########
...............>........
#########...:..[.(......
#...............
#############...............
#...........................
#...........................


You could see a two-headed ogre and 3 wights.

Vanquished Creatures
  A two-headed ogre (D:7)
  3 water moccasins
  An ice beast (D:7)
  A sky beast (D:5)
  2 necrophages
  2 ogres (D:5)
  A centaur (D:5)
  2 phantoms (D:6)
  A kobold brigand (D:8)
  4 bullfrogs (D:7)
  A water moccasin zombie (D:5)
  3 scorpions
  2 howler monkeys
  A bullfrog zombie (D:5)
  A hound (D:5)
  A bullfrog skeleton (D:5)
  2 orc priests
  A jelly (D:4)
  A gnoll shaman (D:7)
  A centaur skeleton (D:5)
  An iguana (D:5)
  6 orc wizards
  A hound skeleton (D:4)
  12 adders
  5 gnolls (D:7)
  A shadow imp (D:7)
  2 ufetubi
  An adder skeleton (D:4)
  A worm (D:7)
  4 dart slugs
  21 orcs
  3 bats
  5 endoplasms
  3 giant cockroaches
  8 goblins
  6 hobgoblins
  7 jackals
  10 kobolds
  7 quokkas
  6 ball pythons
  4 frilled lizards
  10 rats
156 creatures vanquished.

Vanquished Creatures (collateral kills)
  2 orcs (D:4)
2 creatures vanquished.

Vanquished Creatures (others)
  A necrophage (D:4)
  An orc wizard (D:6)
  4 plants (D:2)
6 creatures vanquished.

Grand Total: 164 creatures vanquished

Notes
Turn   | Place    | Note
-------+----------+-------------------------------------------
     0 | D:1      | ragingrage the Merfolk Artificer began the quest for the
                  | Orb.
     0 | D:1      | Reached XP level 1. HP: 15/15 MP: 1/1
   511 | D:1      | Reached XP level 2. HP: 7/22 MP: 2/2
   949 | D:1      | Reached skill level 2 in Fighting
  1146 | D:1      | Reached XP level 3. HP: 20/28 MP: 3/3
  1972 | D:2      | HP: 1/28 [quokka (4)]
  2390 | D:2      | Found a faded altar of an unknown god.
  2577 | D:2      | Reached XP level 4. HP: 31/34 MP: 4/4
  2586 | D:2      | Reached skill level 3 in Fighting
  2720 | D:2      | HP: 1/35 [poisoned by an adder]
  4077 | D:3      | Found a basalt altar of Yredelemnul.
  4113 | D:3      | Found a radiant altar of Vehumet.
  4204 | D:3      | Reached XP level 5. HP: 38/41 MP: 5/5
  4929 | D:4      | Reached skill level 4 in Fighting
  5093 | D:4      | Noticed a necrophage
  5177 | D:4      | Reached skill level 5 in Evocations
  5335 | D:4      | Reached XP level 6. HP: 49/49 MP: 6/6
  5582 | D:4      | Identified the +1 scale mail "Isuari" {Harm rElec rN+
                  | Str+3}
  5832 | D:5      | Entered Level 5 of the Dungeon
  5843 | D:5      | Reached skill level 5 in Fighting
  5944 | D:5      | Noticed a necrophage
  5953 | D:5      | Killed a necrophage
  5954 | D:5      | Reached XP level 7. HP: 57/57 MP: 7/7
  5973 | D:5      | Found a staircase to the Ecumenical Temple.
  6004 | Temple   | Entered the Ecumenical Temple
  6390 | Temple   | Became a worshipper of Warmaster Okawaru
  6426 | D:5      | Reached skill level 6 in Fighting
  6749 | D:5      | Found a glowing silver altar of Zin.
  7097 | D:5      | Reached XP level 8. HP: 62/65 MP: 8/8
  7106 | D:5      | Reached * piety under Okawaru
  7113 | D:5      | Reached skill level 7 in Fighting
  7640 | D:5      | Found an opulent altar of Gozag.
  8566 | D:6      | Reached skill level 8 in Fighting
  9122 | D:6      | Found an ornate altar of the Wu Jian Council.
  9683 | D:7      | Reached ** piety under Okawaru
  9684 | D:7      | Reached XP level 9. HP: 75/75 MP: 9/9
 10216 | D:7      | Reached skill level 9 in Fighting
 10418 | D:7      | Found a shadowy altar of Dithmenos.
 11416 | D:8      | Identified a scroll of acquirement
 11416 | D:8      | Acquired the +1 buckler of Fortitude {*Corrode rF++ Dex+2}
 11607 | D:8      | Noticed a two-headed ogre
 11607 | D:8      | Noticed a two-headed ogre
 12011 | D:7      | Killed a two-headed ogre
 12281 | D:8      | Reached skill level 10 in Fighting
 12293 | D:8      | Reached *** piety under Okawaru
 12705 | D:8      | Noticed a hornet
 12712 | D:8      | HP: 1/78 [two-headed ogre (19)]
 12802 | D:9      | Slain by a wight

Illustrated notes

Levels and vault maps discovered:
D:1:      doesnt_arrival_eight_statues, layout_basic,
          minmay_misc_feat_more_columns
D:2:      layout_basic, shapermc_ecumenical_altar_flowoftime,
          serial_bayou_pond_b, minmay_joined_circles
D:3:      layout_basic, nicolae_overflow_crystal_walls, amcnicky_altar_gilded,
          kennysheep_generic_room_7
D:4:      layout_basic, nicolae_figureground_pulse
D:5:      layout_cave_pools, pdpol_temple_overflow_zin_treasury_gozag_greed,
          minmay_temple_entry_butterflies, minmay_chambers_of_fives
D:6:      layout_basic, mainiacjoe_overflow_paths
D:7:      layout_basic, mainiacjoe_overflow_six_doors_small,
          serial_co_window_serial, co_window_corner_a, co_window_corner_a,
          co_window_of_opportunity_a, co_window_paths_b, co_window_paths_b,
          co_window_unsneaky_path_b, co_window_corner_b, co_window_corner_ca,
          co_window_corner_b, co_window_corner_ca, co_window_broadway_b,
          feat_on_display
D:8:      kennysheep_ambush_hall, layout_basic
D:9:      layout_long_grid, grunt_temple_overflow_champion_of_chaos,
          lair_entry_dummy
Temple:   eino_temple_water

Skill      XL: |  1  2  3  4  5  6  7  8  9 |
---------------+----------------------------+-----
Fighting       | 2 3 4 5 6 8 10 | 10.0
Evocations     | 4 5 6 8 9 |  9.6
Dodging        | 4 |  4.3
Shields        | 2 |  2.2
Armour         | |  0.6
Stealth        | |  1.1

Action                   |  1- 3 |  4- 6 |  7- 9 || total
-------------------------+-------+-------+-------++-------
Melee: Hand axe          |   193 |    64 |       ||   257
       Club              |     7 |       |       ||     7
       Dagger            |       |   137 |   428 ||   565
Throw: Dart              |       |       |    26 ||    26
Invok: Heroism           |       |       |     1 ||     1
Evoke: Wand              |       |     9 |    17 ||    26
       Piece from Xom's  |       |       |     9 ||     9
  Use: Scroll            |       |       |     7 ||     7
 Stab: Sleeping          |     3 |     1 |     1 ||     5
Armor: Leather armour    |    77 |    60 |   108 ||   245
Dodge: Dodged            |   189 |   156 |   222 ||   567
Block: Buckler           |       |       |    21 ||    21

Table legend: (Time is in decaauts)
 A = Elapsed time spent in this place.
 B = Non-inter-level travel time spent in this place.
 C = Inter-level travel time spent in this place.
 D = Time resting spent in this place.
 E = Time spent auto-exploring this place.
 F = Levels seen in this place.
 G = Mean time per level.
                   A        B        C        D        E       F      G
               +--------+--------+--------+--------+--------+-----+--------+
         Total |  12732 |  12265 |    467 |   3318 |   6777 |  10 | 1273.2 |
       Dungeon |  12478 |  12033 |    445 |   3318 |   6556 |   9 | 1386.4 |
        Temple |    253 |    232 |     21 |      0 |    221 |   1 |  253.0 |
               +--------+--------+--------+--------+--------+-----+--------+

Top non-repeatable levels by time:
     D:7: 2280 daAuts
     D:6: 1964 daAuts
     D:1: 1898 daAuts
     D:2: 1453 daAuts
     D:5: 1437 daAuts
     D:3: 1409 daAuts
     D:4: 1147 daAuts
     D:8: 824 daAuts
  Temple: 253 daAuts
     D:9: 62 daAuts
